 Dungeon Crawl Stone Soup version 0.22-a0-533-g4d20840 (webtiles) character file.

331 inc the Scratcher (level 6, -1/30 HPs)
             Began as a Felid Chaos Knight on June 22, 2018.
             Slain by an ogre
             ... wielding a +0 giant club
              (31 damage)
             ... on level 5 of the Dungeon.
             The game lasted 00:07:08 (5624 turns).

inc the Scratcher (Felid Chaos Knight)              Turns: 5624, Time: 00:07:08

Health: -1/30      AC:  4    Str:  8    XL:     6   Next: 26%
Magic:  7/7        EV: 23    Int: 16    God:    Xom [*.....]
Gold:   248        SH:  0    Dex: 17    Spells: 5/5 levels left
                                        Lives:  0   Deaths: 1

rFire    . . .     SeeInvis +     - Unarmed
rCold    + . .     Gourm    .   (shield unavailable)
rNeg     . . .     Faith    .   (armour unavailable)
rPois    .         Spirit   .   (helmet unavailable)
rElec    .         Reflect  .   (cloak unavailable)
rCorr    .         Harm     +   (gloves unavailable)
MR       +....                  (boots unavailable)
Stlth    ++........             l - amulet of harm
HPRegen  0.10/turn              m - ring of protection from cold
MPRegen  0.10/turn              (no ring)

@: quick
A: very small, no armour, no weapons or thrown items, stealth, claws 1, fangs 3,
repulsion field 1, icy blue scales 1, see invisible, agile 1, carnivore, speed
1, magic resistance 1, shaggy fur 2, slow metabolism 1, sharp paws
a: Renounce Religion


You were on level 5 of the Dungeon.
You worshipped Xom.
You were a special plaything of Xom.
You were not hungry.

You visited 1 branch of the dungeon, and saw 5 of its levels.

You collected 248 gold pieces.

Inventory:

Jewellery
 l - an amulet of harm (around neck)
 m - a ring of protection from cold (left paw)
 s - an uncursed ring of fire
Scrolls
 e - a scroll of enchant weapon
 f - 3 scrolls of remove curse {unknown}
 h - 3 scrolls of blinking
 i - a scroll of fear {unknown}
 n - a scroll of fog {unknown}
 o - a scroll of teleportation {unknown}
 p - a scroll of magic mapping {unknown}
Potions
 b - 2 potions of curing {unknown}
 c - 2 potions of might
 d - a potion of magic {unknown}
 g - 2 potions of heal wounds
 j - 2 potions of agility {unknown}
 k - a potion of berserk rage {unknown}
 q - a potion of lignification {unknown}
 r - a potion of cancellation {unknown}
 t - a potion of haste {unknown}
Comestibles
 a - 14 rations


   Skills:
 + Level 5.5 Fighting
 - Level 5.3 Dodging
 - Level 5.7 Unarmed Combat


You had 5 spell levels left.
You didn't know any spells.
Your spell library was empty.

Dungeon Overview and Level Annotations

Branches:
Dungeon (5/15)             Temple (0/1) D:4

Altars:
Elyvilon
Fedhas
Hepliaklqana
Kikubaaqudgha
Uskayaw
Vehumet


Innate Abilities, Weirdness & Mutations

You cannot wear armour.
You are incapable of wielding weapons or throwing items.
Your paws allow you to move quietly. (Stealth)
You have sharp claws.
You have razor-sharp teeth.
You have supernaturally acute eyesight. (SInv)
You are carnivorous and can eat meat at any time.
You cover ground quickly.
You are covered in thick fur. (AC +2)
You have a slow metabolism.
Your sharp claws are effective at attacking unaware monsters.
You are surrounded by a mild repulsion field. (EV +2)
You are partially covered in icy blue scales. (AC +2)
You are agile. (Dex +2)
You are resistant to hostile enchantments. (MR+)


Message History

No target in view!
No target in view!
No target in view!
An ogre comes into view. It is wielding a giant club.
Found a stone staircase leading up.
An ogre is nearby!
The ogre shouts!
The ogre completely misses you.
You claw the ogre!
The ogre is heavily wounded.
The ogre misses you.
You barely miss the ogre. You claw the ogre, but do no damage.
You bite the ogre, but do no damage.
The ogre is heavily wounded.
You scratch the ogre. You bite the ogre, but do no damage.
The ogre is heavily wounded.
The ogre hits you with a giant club!!
Ouch! That really hurt!
You die...
Xom chortles!

######## #
#......#
.###......#
.........#
#.......#
#....<..#
#......O#
#.....@.#
#.#######
##.# #..#
#.## ###.#
##...#
#..### #
##.##


You could see an ogre.

Vanquished Creatures
  A sky beast (D:5)
  2 scorpions
  A bullfrog zombie (D:5)
  An orc wizard (D:4)
  Natasha (thrice) (D:4)
  An iguana (D:4)
  A worker ant (D:4)
  4 adders
  4 gnolls (D:4)
  An ooze (shapeshifter) (D:4)
  An adder skeleton (D:4)
  2 worms
  3 dart slugs
  7 leopard geckos
  11 orcs
  2 ball pythons
  6 goblins (D:1)
  6 hobgoblins
  4 kobolds
  2 quokkas
  7 bats
  3 frilled lizards
  8 rats
81 creatures vanquished.

Notes
Turn   | Place    | Note
-------+----------+-------------------------------------------
     0 | D:1      | inc the Felid Chaos Knight began the quest for the Orb.
     0 | D:1      | Reached XP level 1. HP: 10/10 MP: 2/2
    64 | D:1      | XOM: harmless Erth miscast
   229 | D:1      | XOM: silly message
   350 | D:1      | Reached XP level 2. HP: 14/14 MP: 3/3
   466 | D:1      | XOM: silly message
  1066 | D:1      | XOM: smoke on damage
  1068 | D:1      | XOM: harmless Tmut miscast
  1489 | D:2      | XOM: silly message
  1494 | D:2      | Reached XP level 3. HP: 17/17 MP: 4/4
  1597 | D:2      | Noticed an ogre
  1602 | D:2      | Xom revived you
  1768 | D:1      | XOM: harmless Erth miscast
  1926 | D:2      | XOM: cloud trail
  2001 | D:2      | XOM: noise
  2034 | D:2      | XOM: harmless Tloc miscast
  2147 | D:2      | XOM: noise
  2593 | D:3      | Found a hazy altar of Hepliaklqana.
  2603 | D:3      | Found a radiant altar of Vehumet.
  2623 | D:3      | XOM: 3-stop teleportation journey
  2671 | D:3      | Found a blossoming altar of Fedhas.
  2781 | D:3      | XOM: confuse monster(s)
  2788 | D:3      | Reached XP level 4. HP: 21/21 MP: 5/5
  2796 | D:3      | XOM: 2-stop teleportation journey
  2879 | D:3      | XOM: god gift: 32 gold pieces
  2922 | D:3      | Found an ancient bone altar of Kikubaaqudgha.
  2959 | D:3      | Reached skill level 5 in Dodging
  3027 | D:3      | XOM: harmless Pois miscast
  3089 | D:3      | XOM is BORED!
  3089 | D:3      | XOM: mild Hex miscast
  3192 | D:3      | XOM: harmless Tmut miscast
  3401 | D:4      | XOM: harmless Hex miscast
  3524 | D:4      | Noticed a dagger
  3524 | D:4      | Noticed a hand axe
  3526 | D:4      | Found a hide-covered altar of Uskayaw.
  3527 | D:4      | Noticed Natasha
  3530 | D:4      | XOM: stat loss: -1 Dex (14/15)
  3537 | D:4      | Killed Natasha
  3649 | D:4      | Noticed Natasha
  3655 | D:4      | Killed Natasha
  3655 | D:4      | Reached XP level 5. HP: 12/24 MP: 6/6
  3710 | D:4      | XOM: noise
  3816 | D:3      | Reached skill level 5 in Unarmed Combat
  3822 | D:4      | XOM: give mutations
  3822 | D:4      | Gained mutation: You are partially covered in icy blue scales. (AC +2) [Xom's grace]
  3822 | D:4      | Gained mutation: You are agile. (Dex +2) [Xom's grace]
  3822 | D:4      | Gained mutation: You are surrounded by a mild repulsion field. (EV +2) [Xom's grace]
  3841 | D:4      | Found a staircase to the Ecumenical Temple.
  4070 | D:4      | Gained mutation: You are covered in thick fur. (AC +2) [Felid growth]
  4070 | D:4      | Reached XP level 6. HP: 25/28 MP: 7/7
  4208 | D:4      | Noticed a fire bat
  4208 | D:4      | an ogre changed into a fire bat
  4208 | D:4      | XOM: polymorph ogre -> fire bat
  4210 | D:4      | Noticed a porcupine
  4210 | D:4      | a fire bat changed into a porcupine
  4210 | D:4      | XOM: polymorph fire bat -> porcupine
  4216 | D:4      | XOM: enchant monster (good)
  4228 | D:4      | a porcupine changed into a jelly
  4228 | D:4      | XOM: polymorph porcupine -> jelly
  4701 | D:4      | XOM: cloud trail
  4893 | D:4      | XOM: summons friendly shadow imp
  5168 | D:4      | Found a white marble altar of Elyvilon.
  5282 | D:4      | Noticed Natasha
  5287 | D:4      | Killed Natasha
  5369 | D:5      | Entered Level 5 of the Dungeon
  5503 | D:4      | XOM: harmless Hex miscast
  5580 | D:5      | XOM: give mutation
  5580 | D:5      | Gained mutation: You are resistant to hostile enchantments. (MR+) [Xom's grace]
  5585 | D:5      | XOM: butterfly on damage
  5587 | D:5      | XOM: confusion
  5592 | D:5      | Mangled by an ogre
  5593 | D:5      | Reached XP level 5. HP: -11/25 MP: 6/6
  5593 | D:5      | Noticed a sky beast
  5602 | D:5      | Killed a sky beast
  5602 | D:5      | Reached skill level 5 in Fighting
  5602 | D:5      | Reached XP level 6. HP: 30/30 MP: 7/7
  5624 | D:5      | Slain by an ogre

Vault maps used:
D:1:      sevenhm_arrival_forest_fort_small_5, minmay_split_cup_small
D:2:      first_ration
D:3:      overflow_temple_1_default, kiku_gazebo_pond_becter,
          lemuel_crystal_altar, lemuel_crystal_altar, minmay_three_crescents
D:4:      dancing_weapons_uskayaw, elyvilon_altar_3,
          minmay_temple_entry_statues, nrook_uturn, uniq_natasha

Skill      XL: |  1  2  3  4  5  6 |
---------------+-------------------+-----
Unarmed Combat | 4 5 |  5.7
Dodging        | 4 5 |  5.3
Fighting       | 5 4 |  5.5

Action                   |  1- 3 |  4- 6 || total
-------------------------+-------+-------++-------
Melee: Unarmed           |   114 |   147 ||   261
       Bite              |    11 |    20 ||    31
       Punch             |     2 |     3 ||     5
  Use: Scroll            |     4 |       ||     4
 Stab: Sleeping          |     4 |     6 ||    10
       Confused          |     1 |     1 ||     2
  Eat: Chunk             |     5 |     5 ||    10
Armor: Skin              |    10 |     6 ||    16
Dodge: Dodged            |    95 |   105 ||   200

Table legend:
 A = Spawn XP
 B = Non-spawn XP
 C = Spawn XP percentage of total XP
 D = Spawn monster count
 E = Non-spawn monster count
 F = Spawn count percentage of total count
 G = Total turns spent on level
                    A         B        C        D         E        F      G
               +---------+---------+-------+---------+---------+-------+---------
         Total |       0 |     791 |   0.0 |       0 |      81 |   0.0 |  5624
               +---------+---------+-------+---------+---------+-------+---------
           D:1 |       0 |      39 |   0.0 |       0 |      23 |   0.0 |  1723
           D:2 |       0 |      36 |   0.0 |       0 |      12 |   0.0 |   865
           D:3 |       0 |     128 |   0.0 |       0 |      17 |   0.0 |  1075
           D:4 |       0 |     404 |   0.0 |       0 |      25 |   0.0 |  1876
           D:5 |       0 |     184 |   0.0 |       0 |       4 |   0.0 |    85
               +---------+---------+-------+---------+---------+-------+---------
